 Dungeon Crawl Stone Soup version 0.20.1-1-g8b1a95d (webtiles) character file.

168 slep the Slasher (level 5, 0/35 HPs)
             Began as a Demonspawn Gladiator on Oct 23, 2017.
             Slain by Sigmund
             ... wielding a +1 scythe of flaming
              (14 damage)
             ... on level 3 of the Dungeon.
             The game lasted 00:13:40 (2079 turns).

slep the Slasher (Demonspawn Gladiator)             Turns: 2079, Time: 00:13:41

Health: 0/35       AC:  5    Str: 14    XL:     5   Next: 24%
Magic:  5/5        EV: 17    Int:  9    God:
Gold:   78         SH:  0    Dex: 14    Spells: 4/4 levels left

rFire    . . .     SeeInvis .   a - +0 long sword
rCold    . . .     Gourm    .   (no shield)
rNeg     . . .     Faith    .   b - +0 leather armour
rPois    +         Spirit   .   B - +0 helmet
rElec    .         Reflect  .   (no cloak)
rCorr    .         Harm     .   v - +0 pair of gloves
MR       .....     Clarity  +   (no boots)
Stlth    ++........             (no amulet)
Regen    0.2/turn               g - ring of poison resistance
MPRegen  0.1/turn               o - +4 ring of evasion

@: no status effects
A: hooves 1, clarity, clumsy 1, frail 1, nightstalker 1, powered by death 2
a: no special abilities


You were on level 3 of the Dungeon.
You were not hungry.

You visited 1 branch of the dungeon, and saw 3 of its levels.

You collected 78 gold pieces.

Inventory:

Hand Weapons
 a - a +0 long sword (weapon)
 q - a +1 dagger of electrocution
 y - a +2 flail of distortion
Missiles
 d - 3 throwing nets (quivered)
Armour
 b - a +0 leather armour (worn)
 c - a +0 helmet
 s - a +0 pair of gloves
 v - a +0 pair of gloves (worn)
 B - a +0 helmet (worn)
Jewellery
 g - a ring of poison resistance (left hand)
 o - a +4 ring of evasion (right hand)
Wands
 p - a wand of confusion (21/48)
 A - a wand of enslavement (9/24)
Scrolls
 e - 3 scrolls of identify {unknown}
 i - a scroll of amnesia {unknown}
 k - 2 scrolls of remove curse {unknown}
 m - a scroll of fear {unknown}
 t - a scroll of random uselessness {unknown}
 x - a scroll of blinking {unknown}
Potions
 j - 6 potions of curing {unknown}
 l - 2 potions of heal wounds {unknown}
 r - a potion of berserk rage {unknown}
 u - a potion of lignification {unknown}
Books
 w - a book of Maledictions

   Spells                             Type                      Level
   a - Corona                         Hexes                        1
   b - Ensorcelled Hibernation        Hexes/Ice                    2
   c - Confuse                        Hexes                        3
   d - Tukima's Dance                 Hexes                        3
   e - Dazzling Spray                 Conjuration/Hexes            3
Comestibles
 f - 4 bread rations
 h - 2 meat rations
 n - 3 royal jellies
 z - 2 chunks of flesh


   Skills:
 + Level 2.6 Fighting
 + Level 4.1 Long Blades
 + Level 2.0 Throwing
 + Level 1.3 Armour
 + Level 3.5 Dodging
 + Level 0.2 Stealth


You had 4 spell levels left.
You didn't know any spells.

Dungeon Overview and Level Annotations

Branches:
Dungeon (3/15)

Altars:
Ru
Sif Muna
Uskayaw

Annotations:
D:3 Sigmund


Innate Abilities, Weirdness & Mutations

You have large cloven feet.
You are slightly more attuned to the shadows.
You regenerate health from kills.
You possess an exceptional clarity of mind.
You are clumsy. (Dex -2)
You are frail. (-10% HP)


Message History

A quokka comes into view.
Sigmund shouts!
The quokka moves out of view.
Sigmund casts a spell.
Sigmund flickers and vanishes!
Deactivating autopickup; reactivate with Ctrl-A.
Something completely misses you. Something hits you! Something burns you.
You closely miss something. Your kick misses something.
Something barely misses you.
You completely miss something. Your kick misses something.
That item cannot be evoked!
Aiming: Confuse (will waste charges)
Press: ? - help, Shift-Dir - straight line Nothing appears to happen.
Evoking this partially-identified wand wasted a few charges.
Something hits you. Something burns you.
You closely miss something. You kick something. Something barely misses you.
You barely miss something. You kick something. Something hits you!
You die...

# ###
###.##.#
.......#
.##..#.#
#. #r#
.. #{#
.. #@# .
#.#
##.###
#....#
#..#.###
#.
#......#
#...
#....#.#
.# #...
#....#.#
.####
###..
#....#.#


You could see a quokka.

Vanquished Creatures
  An orc priest (D:3)
  Natasha (D:3)
  An orc wizard (D:3)
  2 adders
  2 dart slugs (D:1)
  4 orcs (D:3)
  6 bats
  4 giant cockroaches
  5 hobgoblins
  6 jackals (D:1)
  A quokka (D:2)
  6 frilled lizards
  5 goblins
  12 kobolds
  9 rats
65 creatures vanquished.

Notes
Turn   | Place    | Note
-------+----------+-------------------------------------------
     0 | D:1      | slep the Demonspawn Gladiator began the quest for the Orb.
     0 | D:1      | Reached XP level 1. HP: 16/16 MP: 1/1
   116 | D:1      | Gained mutation: You have large cloven feet. [potion of mutation]
   116 | D:1      | Gained mutation: You are frail. (-10% HP) [potion of mutation]
   116 | D:1      | Gained mutation: You are clumsy. (Dex -2) [potion of mutation]
   116 | D:1      | Gained mutation: You possess an exceptional clarity of mind. [potion of mutation]
   134 | D:1      | Gained mutation: You regenerate a little health from kills. [demonic ancestry]
   134 | D:1      | Reached XP level 2. HP: 19/19 MP: 2/2
   147 | D:1      | Reached skill level 3 in Long Blades
   657 | D:1      | Gained mutation: You regenerate health from kills. [demonic ancestry]
   657 | D:1      | Reached XP level 3. HP: 19/24 MP: 3/3
  1568 | D:3      | Gained mutation: You are slightly more attuned to the shadows. [demonic ancestry]
  1568 | D:3      | Reached XP level 4. HP: 30/30 MP: 4/4
  1670 | D:3      | Found a sacrificial altar of Ru.
  1708 | D:3      | Noticed Natasha
  1714 | D:3      | Killed Natasha
  1714 | D:3      | Reached skill level 1 in Armour
  1724 | D:3      | Found a deep blue altar of Sif Muna.
  1782 | D:3      | Reached skill level 4 in Long Blades
  1782 | D:3      | Mutation became permanent: You have large cloven feet. [demonic ancestry]
  1782 | D:3      | Gained mutation: You have large cloven feet. [demonic ancestry]
  1782 | D:3      | Reached XP level 5. HP: 35/35 MP: 5/5
  1809 | D:3      | Found a hide-covered altar of Uskayaw.
  2065 | D:3      | Noticed Sigmund
  2079 | D:3      | Slain by Sigmund

Skill      XL: |  1  2  3  4 |
---------------+-------------+-----
Long Blades    | 3 4 |  4.1
Dodging        | 3 |  3.5
Throwing       | 2 |  2.0
Armour         | 1 |  1.3
Fighting       | |  2.6
Stealth        | |  0.2

Action                   |  1- 3 |  4- 6 || total
-------------------------+-------+-------++-------
Melee: Long sword        |   119 |    50 ||   169
       Kick              |    33 |    17 ||    50
Throw: Throwing net      |       |     1 ||     1
Evoke: Wand              |       |     1 ||     1
  Use: Potion            |     1 |       ||     1
  Eat: Chunk             |     2 |     2 ||     4
Armor: Leather armour    |    34 |     7 ||    41
Dodge: Dodged            |    92 |    41 ||   133
       Rpst.: Long sword |    30 |     7 ||    37
